 Dungeon Crawl Stone Soup version 0.26.0-10-g1f06aea511 (webtiles) character file.

Game seed: 4754471193988539964

340 Borgoz the Slasher (level 6, 0/51 HPs)
             Began as a Ghoul Gladiator on Jan 14, 2021.
             Slain by an orc wizard
             ... wielding a +0 dagger
              (3 damage)
             ... on level 5 of the Dungeon.
             The game lasted 00:05:39 (3969 turns).

Borgoz the Slasher (Ghoul Gladiator)                Turns: 3969, Time: 00:05:40

Health: 0/51       AC:  8    Str: 24    XL:     6   Next: 56%
Magic:  5/5        EV: 11    Int:  7    God:
Gold:   61         SH:  8    Dex: 12    Spells: 5/5 levels left

rFire    . . .     SeeInvis .   a - +0 long sword
rCold    + + .     Faith    .   n - +0 buckler
rNeg     + + +     Spirit   .   r - +1 scale mail of Pantheism {Int+4 Stlth+}
rPois    ∞         Reflect  +   c - +0 helmet
rElec    .         Harm     .   (no cloak)
rCorr    .         Rampage  .   (no gloves)
Will     .....                  (no boots)
Stlth    +.........             m - amulet of reflection
HPRegen  0.00/turn              h - ring of protection from cold
MPRegen  0.09/turn              q - +6 ring of strength

@: hasted, very quick
A: claws 1, cold resistance 1, negative energy resistance 3, inhibited
regeneration, torment resistance, unbreathing
a: no special abilities


You were on level 5 of the Dungeon.
You visited 1 branch of the dungeon, and saw 5 of its levels.

You collected 268 gold pieces.
You spent 207 gold pieces at shops.

Inventory:

Hand Weapons
 a - a +0 long sword (weapon)
Missiles
 d - 3 throwing nets (quivered)
Armour
 c - a +0 helmet (worn)
 n - a +0 buckler (worn)
 r - the +1 scale mail of Pantheism (worn) {Int+4 Stlth+}
   (You bought it in a shop on level 4 of the Dungeon)

   It affects your intelligence (+4).
   It makes you more stealthy.
Jewellery
 h - a ring of protection from cold (left claw)
 m - an amulet of reflection (around neck)
 q - a +6 ring of strength (right claw)
Wands
 p - a wand of acid (9)
Scrolls
 b - 3 scrolls of remove curse {unknown}
 j - a scroll of enchant armour {unknown}
 o - 3 scrolls of blinking
Potions
 k - a potion of flight


   Skills:
 + Level 3.6 Fighting
 * Level 4.3 Long Blades
 - Level 1.7 Throwing
 * Level 3.1 Armour
 + Level 3.5 Dodging


You had 5 spell levels left.
You didn't know any spells.
Your spell library contained the following spells:

 Spells                   Type           Power        Failure   Level
 Magic Dart               Conj           0%           88%         1
 Blink                    Tloc           N/A          96%         2
 Call Imp                 Summ           0%           96%         2
 Slow                     Hex            0%           96%         2
 Conjure Flame            Conj/Fire      0%           99%         3
 Mephitic Cloud           Conj/Pois/Air  0%           99%         3
 Beastly Appendage        Tmut           Unusable     N/A         1
 Wereblood                Tmut           Unusable     N/A         2
 Spider Form              Tmut/Pois      Unusable     N/A         3
 Ice Form                 Ice/Tmut       Unusable     N/A         4
 Blade Hands              Tmut           Unusable     N/A         5

Dungeon Overview and Level Annotations

Branches:
Dungeon (5/15)
 Temple: D:4-7

Altars:
Cheibriados
Gozag
Hepliaklqana
Kikubaaqudgha
Nemelex Xobeh
Ru
Vehumet

Shops:
D:4 [


Innate Abilities, Weirdness & Mutations

You thrive by killing the living.
You are immune to poison.
You have sharp fingernails.
Your flesh is cold resistant. (rC+)
You are immune to negative energy. (rN+++)
You do not regenerate when monsters are visible.
You are immune to unholy pain and torment.
You can survive without breathing.


Message History

The orc wizard casts a spell at you. The magic dart hits you.
* * * LOW HITPOINT WARNING * * *
You block the orc's attack.
You closely miss the orc.
The orc is moderately wounded.
Okay, then.
You hit the orc wizard.
The orc wizard is moderately wounded.
The orc wizard casts a spell at you. You resist with some effort.
Okay, then.
You hit the orc wizard.
The orc wizard is severely wounded.
You block the orc wizard's attack. The orc barely misses you.
The orc wizard barely misses you.
You hit the orc wizard but do no damage.
The orc wizard is severely wounded.
The orc wizard hits you with a +0 dagger.
You die...

#######
########..oo.#######
..........@o.......#
........######o...##
######### ##..##
##.## ##.## ##..#
..######### ###..##
../.......###...##
...............##


You could see 2 orc wizards and 2 orcs.

Vanquished Creatures
  An ogre (D:4)
  A bullfrog (D:4)
  A hound (D:4)
  An orc priest (D:3)
  4 adders
  An ooze (D:1)
  A worm (D:2)
  A dart slug (D:2)
  A leopard gecko (D:4)
  14 orcs
  3 bats
  2 giant cockroaches
  7 goblins
  7 hobgoblins
  6 jackals
  4 quokkas (D:2)
  6 frilled lizards
  3 kobolds
  3 rats
67 creatures vanquished.

Notes
Turn   | Place    | Note
-------+----------+-------------------------------------------
     0 | D:1      | Borgoz the Ghoul Gladiator began the quest for the Orb.
     0 | D:1      | Reached XP level 1. HP: 17/17 MP: 0/0
   379 | D:1      | Reached XP level 2. HP: 25/25 MP: 1/1
  1151 | D:2      | Found a radiant altar of Vehumet.
  1168 | D:2      | Reached skill level 3 in Long Blades
  1169 | D:2      | Reached skill level 1 in Armour
  1225 | D:2      | Reached XP level 3. HP: 12/30 MP: 2/2
  1508 | D:2      | Found an ancient bone altar of Kikubaaqudgha.
  2087 | D:2      | Found a snail-covered altar of Cheibriados.
  2273 | D:3      | Reached XP level 4. HP: 28/37 MP: 3/3
  2609 | D:3      | Found an opulent altar of Gozag.
  2699 | D:3      | Found a sparkling altar of Nemelex Xobeh.
  3084 | D:4      | Found a hazy altar of Hepliaklqana.
  3188 | D:4      | Found a sacrificial altar of Ru.
  3196 | D:4      | Found Xojaufig's Antique Armour Emporium.
  3199 | D:4      | Bought a pitted scale mail for 207 gold pieces
  3209 | D:4      | Identified the +1 scale mail of Pantheism {Int+4 Stlth+}
                  | (You bought it in a shop on level 4 of the Dungeon)
  3659 | D:4      | Reached XP level 5. HP: 42/45 MP: 4/4
  3704 | D:5      | Entered Level 5 of the Dungeon
  3732 | D:5      | Noticed an ogre
  3744 | D:4      | Killed an ogre
  3745 | D:4      | Reached skill level 4 in Long Blades
  3780 | D:5      | Noticed a water moccasin
  3831 | D:4      | Reached XP level 6. HP: 34/51 MP: 5/5
  3969 | D:5      | Slain by an orc wizard

Illustrated notes

Levels and vault maps discovered:
D:1:      onia_arrival_mini_maze, layout_loops_corners, chequers_avenue,
          bh_walls_and_bars
D:2:      layout_loops_ring, gammafunk_temple_overflow_forgotten
D:3:      layout_basic, grunt_gozag_statues, marbit_many_paths
D:4:      layout_rooms, lemuel_round_altar, overflow_temple_1_default,
          serial_shops, kennysheep_mini, serial_co_window_serial,
          co_window_paths_b, co_window_paths_b, co_window_corner_a,
          co_window_cross_1, co_window_paths_a, co_window_corner_a,
          co_window_of_opportunity_a, co_window_unsneaky_path_c,
          co_window_broadway_c, co_window_2corner, co_window_unsneaky_path_b,
          glass_columns_a, glass_columns_a, glass_columns_a, glass_columns_c
D:5:      layout_layer_cave, gup_ossuary_entry_pyramid

Skill      XL: |  1  2  3  4  5  6 |
---------------+-------------------+-----
Long Blades    | 3 4 |  4.3
Armour         | 1 2 3 |  3.1
Dodging        | 3 |  3.5
Fighting       | 3 |  3.6
Throwing       | |  1.7

Action                   |  1- 3 |  4- 6 || total
-------------------------+-------+-------++-------
Melee: Long sword        |   125 |   144 ||   269
Throw: Throwing net      |       |     5 ||     5
  Use: Scroll            |       |    11 ||    11
       Potion            |       |     4 ||     4
Armor: Leather armour    |     2 |       ||     2
       Ring mail         |    57 |    12 ||    69
       Scale mail        |       |    50 ||    50
Dodge: Dodged            |    92 |   102 ||   194
Block: Other             |     3 |    11 ||    14
       Buckler           |       |    49 ||    49
       Reflection        |       |     3 ||     3
       Rpst.: Long sword |    31 |    28 ||    59
